[Event "Early-Titled-Tuesday-Blitz-May-07-2024"]
[Site "Chess.com"]
[Date "2024.05.07"]
[Round "10"]
[White "ClauSanLuis"]
[Black "Nf3c5"]
[Result "0-1"]
[WhiteElo "2432"]
[BlackElo "2606"]
[TimeControl "180+1"]
[EndTime "10:02:42 PDT"]
[Termination "Nf3c5 won by resignation"]

1. d4 Nf6 2. Bg5 Ne4 3. Bf4 c5 4. f3 Nf6 5. d5 Qb6 6. Bc1 g6 7.
e4 d6 8. Nd2 Bg7 9. Nc4 Qd8 10.
a4 O-O 11. Ne2 b6 12. Nc3 Ba6 13. Be2 Bxc4 14. Bxc4 a6 15. O-O Nbd7 16. Kh1 Ne8 17. f4 Nc7 18. Qe2 e6 19. dxe6 Nxe6 20. Nd5 Nd4 21. Qf2 b5 22. Bd3 c4 23. Be3 Ne6 24.
Be2 Nec5 25. Bf3 Rb8 26. axb5 axb5 27. c3 Re8 28. f5 Nd3 29. Qg3 N3e5 30. Be2 Nf6 31.
Bg5 Nxe4 32. Bxd8 Nxg3+ 33. hxg3 Rbxd8 34. f6 Bh6 35. Nc7 Rf8 36. Nxb5 Be3 37. Rad1 d5 38. Bf3 Nd3 39. b3 Nf2+ 40. Rxf2 Bxf2 41. Bxd5 cxb3 42. Bxb3 Rxd1+ 43. Bxd1 Bxg3 44. Be2 Re8 45. Nd4 Bf2 46. Bb5 Re1+ 47. Kh2 Bxd4 48. cxd4 Rd1 0-1

[Event "Early-Titled-Tuesday-Blitz-May-07-2024"]
[Site "Chess.com"]
[Date "2024.05.07"]
[Round "10"]
[White "C_K_G"]
[Black "Gryffindorac8"]
[Result "0-1"]
[WhiteElo "2286"]
[BlackElo "2504"]
[TimeControl "180+1"]
[EndTime "10:02:42 PDT"]
[Termination "Gryffindorac8 won on time"]

1. e4 c5 2. Nf3 d6 3. d4 cxd4 4.
Nxd4 Nf6 5. Nc3 a6 6. Be2 e5 7.
Nb3 Be7 8. Be3 Be6 9. O-O Nbd7 10. f4 Rc8 11. f5 Bc4 12. a4 O-O 13. a5 Qc7 14. Bxc4 Qxc4 15. Ra4 Qc6 16. g4 h6 17.
h4 Nh7 18. g5 hxg5 19. Nd5 Bd8 20. hxg5 Qxa4 21. Qg4 Rxc2 22. Nd2 Qxa5 23. Rf2 Nb6 24. g6 Nxd5 25. gxh7+ Kh8 26. exd5 Qxd5 27. Rg2 Bf6 28. b3 Qd3 29. Bg5 Qd4+ 30. Qxd4 exd4 31. Bxf6 gxf6 32.
Rh2 Re8 33. Kf1 d3 34. Rg2 Rc1+ 35. Kf2 Re2+ 36. Kf3 Rxg2 37. Kxg2 Rc2 0-1

[Event "Early-Titled-Tuesday-Blitz-May-07-2024"]
[Site "Chess.com"]
[Date "2024.05.07"]
[Round "10"]
[White "Eloist"]
[Black "Felix-Rose"]
[Result "1-0"]
[WhiteElo "2386"]
[BlackElo "2200"]
[TimeControl "180+1"]
[EndTime "10:02:42 PDT"]
[Termination "Eloist won on time"]

1. e4 e5 2. Nf3 Nc6 3. Bc4 Nf6 4. d3 Bc5 5. O-O d6 6. c3 a5 7. Nbd2 Ba7 8. h3 O-O 9. Re1 Be6 10. Bb5 Ne7 11. d4 Ng6 12. Bd3 h6 13. Nf1 Re8 14.
Ng3 c6 15. Be3 a4 16. Qd2 a3 17. b4 Kh7 18. Nf5 Ng8 19. c4 exd4 20. N3xd4 Bd7 21.
Nxd6 Re6 22. Nxe6 Bxe6 23. Nxb7 Qh4 24. c5 Bxh3 25. gxh3 Qxh3 26. f4 Nh4 27. e5+ g6 28. Be4 Ne7 29. Nd6 Rd8 30. Bg2 Qg4 31. Qe2 Qg3 32.
Qf2 Qg4 33. Kh2 Rxd6 34. exd6 Nef5 35. Bh3 Qh5 36. Rf1 Nxe3 37. Qxe3 Nf5 38. Qf3 Bb8 39. Qxh5 1-0

[Event "Early-Titled-Tuesday-Blitz-May-07-2024"]
[Site "Chess.com"]
[Date "2024.05.07"]
[Round "10"]
[White "Msb2"]
[Black "mind1mover"]
[Result "1-0"]
[WhiteElo "3040"]
[BlackElo "2902"]
[TimeControl "180+1"]
[EndTime "10:02:44 PDT"]
[Termination "Msb2 won on time"]

1. d4 d5 2. c4 dxc4 3. e4 Nc6 4. d5 Ne5 5. Bf4 Ng6 6. Be3 Nf6 7. Nc3 Ng4 8. Bxc4 Nxe3 9. fxe3 Ne5 10. Nf3 Nxc4 11.
Qa4+ Bd7 12. Qxc4 g6 13. e5 Bg7 14. e6 fxe6 15. dxe6 Bc6 16. Rd1 Qc8 17. O-O O-O 18.
Rd7 Qe8 19. Rxc7 Qd8 20. Rd7 Bxd7 21. exd7+ Kh8 22. Ng5 Qxd7 23. Rxf8+ Rxf8 24. Nf7+ Rxf7 25. Qxf7 Qc8 26. Qxe7 Bxc3 27. bxc3 Kg8 28. Qe5 b6 29. h4 Qc4 30. h5 gxh5 31. Qb8+ Kg7 32. Qxa7+ Kg8 33.
Qb8+ Kf7 34. Qb7+ Kg8 35. Qxb6 Qxa2 36. Qd8+ Kg7 37. Qg5+ Kh8 38. Kh2 Qa1 39. c4 Qc3 40. Qd8+ 1-0

[Event "Early-Titled-Tuesday-Blitz-May-07-2024"]
[Site "Chess.com"]
[Date "2024.05.07"]
[Round "10"]
[White "ChessQueen"]
[Black "FoggyMorning"]
[Result "0-1"]
[WhiteElo "2792"]
[BlackElo "2651"]
[TimeControl "180+1"]
[EndTime "10:02:44 PDT"]
[Termination "FoggyMorning won by resignation"]

1. e4 e6 2. d4 d5 3. exd5 exd5 4. Nf3 Bd6 5. c4 Nf6 6. c5 Be7 7. Bd3 O-O 8. O-O b6 9. Be3 Bg4 10. Nbd2 bxc5 11. dxc5 Nc6 12. h3 Bh5 13. Qa4 d4 14.
Bg5 Nd5 15. Qxc6 Bxg5 16. Be4 Bxd2 17. Nxd2 Nf4 18. Nf3 Rb8 19. Rab1 Re8 20. Bf5 Bxf3 21. Qxf3 Qg5 22. Bd7 Re5 23. c6 Qf6 24. Rfe1 Rbb5 25.
a4 Rbc5 26. b4 Rc3 27. Rxe5 Qxe5 28. Qg4 d3 29. g3 Ne2+ 30. Kh2 h5 31. Qh4 Nd4 32.
Qd8+ Kh7 33. Rd1 Rc2 34. Rf1 d2 35. Rd1 Qe2 36. Bf5+ Nxf5 0-1

[Event "Early-Titled-Tuesday-Blitz-May-07-2024"]
[Site "Chess.com"]
[Date "2024.05.07"]
[Round "10"]
[White "MVM2008"]
[Black "KnightDuta"]
[Result "1-0"]
[WhiteElo "2595"]
[BlackElo "2724"]
[TimeControl "180+1"]
[EndTime "10:02:44 PDT"]
[Termination "MVM2008 won by resignation"]

1. e4 d5 2. exd5 Nf6 3. Nc3 Nxd5 4. Nf3 Bg4 5. Bc4 e6 6. d4 Nc6 7. Be3 Bb4 8. O-O Nxc3 9. bxc3 Bxc3 10. Rb1 O-O 11. Qd3 Ba5 12. Rxb7 Bf5 13. Qa3 Bb6 14. Bg5 Qc8 15. Ba6 Qd7 16. Bb5 f6 17. Bf4 Qd5 18. c4 Qe4 19. Bxc7 Nxd4 20. Bxb6 axb6 21. Qe7 Ne2+ 22. Kh1 Qg4 23. h3 Qg6 24. Nh4 Qg5 25. Nxf5 Kh8 26. Qxg7+ Qxg7 27. Nxg7 Rxa2 28. Nxe6 Rfa8 29.
Rxb6 Nc3 30. Kh2 Ne4 31. Bc6 Nd2 32. Bxa8 Nxf1+ 33. Kg1 Rxa8 34. Kxf1 Ra1+ 35. Ke2 h5 36. c5 Rg1 37. Kf3 Rxg2 1-0

[Event "Early-Titled-Tuesday-Blitz-May-07-2024"]
[Site "Chess.com"]
[Date "2024.05.07"]
[Round "10"]
[White "Shield12"]
[Black "AttilaTurzo"]
[Result "0-1"]
[WhiteElo "2935"]
[BlackElo "2482"]
[TimeControl "180+1"]
[EndTime "10:02:45 PDT"]
[Termination "AttilaTurzo won by resignation"]

1. b3 d5 2. Bb2 c6 3. g3 Bf5 4.
Bg2 Nd7 5. d3 Ngf6 6. Nd2 e5 7.
e4 dxe4 8. dxe4 Be6 9. Ngf3 Bg4 10. h3 Bxf3 11. Nxf3 Qc7 12. O-O Bc5 13. Qe2 O-O 14. Rad1 a5 15. a3 b5 16. Kh2 Rfe8 17. Nh4 Nf8 18. f4 exf4 19. gxf4 Ng6 20. Nxg6 hxg6 21.
e5 Nd5 22. Bxd5 cxd5 23. Rxd5 b4 24. a4 Rac8 25. Rfd1 Qb6 26. R1d3 Rc6 27. Kg2 Rec8 28. c4 bxc3 29. Bxc3 Qxb3 30. Bxa5 Qxa4 31. Bd2 Bf8 32. h4 Qa8 33. Kh3 Rc2 34. e6 Re8 35. exf7+ Kxf7 36. Qg2 Qc8+ 37. Rd7+ Re7 38. f5 Rxd7 39.
Qxg6+ Kg8 40. Qe6+ Rf7 41. Kg4 Rc4+ 42. Kg3 Qxe6 43.
fxe6 Re7 44. Rd6 Re4 45. Rd8 R7xe6 46. Kf3 Re8 47. Rd5 Rxh4 0-1

[Event "Early-Titled-Tuesday-Blitz-May-07-2024"]
[Site "Chess.com"]
[Date "2024.05.07"]
[Round "10"]
[White "francyIM"]
[Black "Thjop"]
[Result "0-1"]
[WhiteElo "2787"]
[BlackElo "2630"]
[TimeControl "180+1"]
[EndTime "10:02:47 PDT"]
[Termination "Thjop won by resignation"]

1. e4 e6 2. d4 d5 3. Nc3 Bb4 4. e5 c5 5. a3 Bxc3+ 6. bxc3 Qa5 7.
Bd2 Qa4 8. Nf3 Ne7 9. h4 b6 10.
h5 h6 11. Bd3 Ba6 12. Qb1 Bxd3 13. cxd3 Nd7 14. Rh4 c4 15. Qb4 Qxb4 16. axb4 cxd3 17. Kd1 a5 18. Ne1 O-O 19. b5 f6 20. exf6 Nxf6 21.
f3 Nf5 22. Rh3 Nd6 23. Rb1 a4 24. Bf4 Nfe4 25. Nxd3 Rxf4 26. Nxf4 Nxc3+ 27. Kc2 Nxb1 28. Kxb1 Kf7 29. Ng6 Nxb5 30. Rh4 Ke8 31. Rf4 Kd7 32. Ka2 Kd6 33. g3 Ra7 34. Kb2 a3+ 35. Ka2 Nc3+ 36.
Ka1 a2 37. Ne5 Ne2 38. Rg4 Nxd4 39. Rxd4 Kxe5 40. Rb4 Ra6 41. f4+ Kf5 42. Rb3 e5 43. Rb5 Ke4 44. fxe5 Kxe5 45. Rb2 Ke4 46. Rf2 d4 47. Rf7 d3 48. Rxg7 d2 49. Re7+ Kd3 50. Rd7+ Ke2 51. Re7+ Kd1 52. Re6 Ra5 53. Rxh6 Kc2 54.
Rc6+ Rc5 55. Rd6 d1=Q+ 56. Rxd1 Kxd1 57. g4 Rg5 58. h6 Rxg4 59. h7 Rh4 60. h8=Q Rxh8 61.
Kxa2 Rh2+ 62. Kb3 Rh5 0-1

[Event "Early-Titled-Tuesday-Blitz-May-07-2024"]
[Site "Chess.com"]
[Date "2024.05.07"]
[Round "10"]
[White "Oleg_Papayan"]
[Black "aanshnerurkar"]
[Result "1-0"]
[WhiteElo "2668"]
[BlackElo "2466"]
[TimeControl "180+1"]
[EndTime "10:02:47 PDT"]
[Termination "Oleg_Papayan won on time"]

1. e4 c5 2. d4 cxd4 3. Qxd4 Nc6 4.
Qd3 Nf6 5. Nc3 g6 6. Nf3 Bg7 7. Be2 O-O 8. O-O d6 9. Nd5 Bd7 10. c3 Rc8 11. Bg5 Be6 12. Nxf6+ exf6 13. Bf4 Ne5 14. Qd4 f5 15. Qxa7 fxe4 16. Nd4 Bd5 17. Qa4 Nc4 18. Qb4 g5 19. Bc1 f5 20. Rd1 f4 21. Bg4 Rc5 22. Ne6 Qd7 23. h3 Bxe6 24.
Qxc5 dxc5 25. Rxd7 Bxd7 26. Bxd7 Kf7 27. Bb5 Ne5 28. h4 Nd3 29. hxg5 Nxc1 30. Rxc1 Rd8 31. Re1 Rd2 32. Re2 Rxe2 33. Bxe2 Kg6 34. f3 e3 35. Bd3+ Kxg5 36. Bxh7 1-0

[Event "Early-Titled-Tuesday-Blitz-May-07-2024"]
[Site "Chess.com"]
[Date "2024.05.07"]
[Round "10"]
[White "CarlosjPineror"]
[Black "mapleaff"]
[Result "0-1"]
[WhiteElo "2662"]
[BlackElo "2296"]
[TimeControl "180+1"]
[EndTime "10:02:47 PDT"]
[Termination "mapleaff won by resignation"]

1. e4 c5 2. Nf3 Nc6 3. Bb5 e6 4. O-O Nge7 5. c3 a6 6. Ba4 b5 7.
Bc2 Bb7 8. a3 c4 9. d4 cxd3 10.
Bxd3 Ng6 11. a4 b4 12. Be3 Be7 13. Qe2 O-O 14. c4 a5 15. Nbd2 Qb8 16. g3 b3 17. Nxb3 Nce5 18. Nxe5 Nxe5 19. Nc5 Bc6 20. f4 Nxd3 21. Qxd3 f5 22. e5 Qxb2 23. Bf2 Bxc5 24. Rab1 Bxf2+ 25. Rxf2 Be4 26. Qxe4 Qxf2+ 27. Kxf2 fxe4 28.
Rd1 Rfd8 29. Ke3 Rac8 30. Rd4 Rc7 31. Kxe4 Rdc8 32. Kd3 Kf7 33. Kc3 Ke7 34. g4 Rb7 35. Rd6 Rb4 36. Rd4 Rxa4 37. f5 h5 38. h3 hxg4 39. hxg4 Ra3+ 40. Kb2 Re3 0-1

[Event "Early-Titled-Tuesday-Blitz-May-07-2024"]
[Site "Chess.com"]
[Date "2024.05.07"]
[Round "10"]
[White "Aisen1011"]
[Black "Chernov_Alexander_A"]
[Result "1/2-1/2"]
[WhiteElo "2455"]
[BlackElo "2268"]
[TimeControl "180+1"]
[EndTime "10:02:47 PDT"]
[Termination "Game drawn by repetition"]

1. d4 Nf6 2. c4 e6 3. Nc3 d5 4.
cxd5 Nxd5 5. e4 Nxc3 6. bxc3 c5 7. Nf3 cxd4 8. cxd4 Bb4+ 9. Bd2 Bxd2+ 10. Qxd2 O-O 11.
Be2 Nd7 12. O-O Nf6 13. Bd3 b6 14. Rac1 Bb7 15. Qf4 Rc8 16. Rxc8 Qxc8 17. Rc1 Qb8 18. e5 Nd5 19. Bxh7+ Kxh7 20. Qh4+ Kg8 21. Ng5 Rc8 22. Rf1 Qc7 23. Qh7+ Kf8 24. Qh8+ Ke7 25. Qxg7 Rf8 26. h4 Qc2 27. h5 Qf5 28. Rc1 Rc8 29. Rxc8 Bxc8 30.
Nh7 Qxh5 31. Qf8+ Kd7 32. Qd6+ Ke8 33. Nf6+ Nxf6 34. exf6 Qd1+ 35. Kh2 Qh5+ 36. Kg1 Qd1+ 37. Kh2 Qh5+ 38. Kg1 1/2-1/2

[Event "Early-Titled-Tuesday-Blitz-May-07-2024"]
[Site "Chess.com"]
[Date "2024.05.07"]
[Round "10"]
[White "IwkooO"]
[Black "mbojan"]
[Result "1-0"]
[WhiteElo "2719"]
[BlackElo "2888"]
[TimeControl "180+1"]
[EndTime "10:02:48 PDT"]
[Termination "IwkooO won by checkmate"]

1. e4 a6 2. d4 e6 3. Bd3 d5 4. exd5 exd5 5. Nf3 Bd6 6. O-O Ne7 7. c4 dxc4 8. Bxc4 O-O 9. Nc3 Nbc6 10. h3 Bf5 11. Be3 Ng6 12. Re1 Nh4 13. Nxh4 Qxh4 14. Qf3 Bg6 15.
Qg4 Qxg4 16. hxg4 Rae8 17. a3 Na5 18. Ba2 Bd3 19. Rac1 Bc4 20. Bb1 Be6 21. Ne4 Bxg4 22. Nxd6 cxd6 23. Bf4 Rxe1+ 24. Rxe1 Nc4 25. b3 g5 26. Bg3 Nd2 27. Bxd6 Rd8 28. Be7 Re8 29. Bc2 f5 30. Re5 Kf7 31. Bxg5 Rxe5 32. dxe5 Ne4 33. Be3 Nc3 34. f3 Bh5 35. Bxf5 Bg6 36. Bc8 Nd5 37. Bg5 Bc2 38. e6+ Kg6 39. Bxb7 Kxg5 40. Bxd5 Kf6 41. Kf2 Bd3 42. Ke3 Bf1 43. g4 h6 44. Bc4 Bh3 45. Kf2 h5 46. Kg3 hxg4 47. fxg4 Bf1 48.
Bxf1 a5 49. Bc4 Ke7 50. Kf4 Kd6 51. g5 Kc5 52. a4 Kb4 53. e7 Ka3 54. e8=Q Kb2 55.
g6 Ka2 56. g7 Kb2 57. g8=Q Kb1 58. Qe2 Ka1 59. b4 Kb1 60. b5 Ka1 61. b6 Kb1 62. b7 Ka1 63. Bd5 Kb1 64. b8=Q+ Ka1 65.
Qg7# 1-0

[Event "Early-Titled-Tuesday-Blitz-May-07-2024"]
[Site "Chess.com"]
[Date "2024.05.07"]
[Round "10"]
[White "alvarorodriguezavila"]
[Black "laysa_latifah"]
[Result "0-1"]
[WhiteElo "2347"]
[BlackElo "2517"]
[TimeControl "180+1"]
[EndTime "10:02:48 PDT"]
[Termination "laysa_latifah won by resignation"]

1. e4 g6 2. d4 Bg7 3. Bc4 a6 4. Nf3 b5 5. Bb3 Bb7 6. Qe2 Nf6 7. e5 Nd5 8. a4 b4 9. h4 h5 10.
c4 bxc3 11. bxc3 c5 12. c4 Nb4 13. d5 d6 14. exd6 Bxa1 15. Bf4 Bf6 16. O-O O-O 17.
Nbd2 Re8 18. Ne4 Nd7 19. Qd2 e6 20. dxe6 Rxe6 21. Neg5 Re8 22. Rd1 Ne5 23. Bxe5 Bxe5 24.
d7 Re7 25. Nxe5 Rxe5 26. Qd6 Rf5 27. Re1 Kg7 28. Re8 Qxe8 29. dxe8=Q Rxe8 30. Qc7 Re1+ 31. Kh2 Bc6 32. f3 Re2 33. Kg3 Rf6 34. Qa7 Nd3 35. Bd1 Rd2 36. Bb3 Ne1 37. Qxc5 Rxg2+ 38. Kh3 Bd7+ 0-1

[Event "Early-Titled-Tuesday-Blitz-May-07-2024"]
[Site "Chess.com"]
[Date "2024.05.07"]
[Round "10"]
[White "Mikhail_Bryakin"]
[Black "ravengelic"]
[Result "1-0"]
[WhiteElo "2898"]
[BlackElo "2671"]
[TimeControl "180+1"]
[EndTime "10:02:50 PDT"]
[Termination "Mikhail_Bryakin won on time"]

1. c4 Nf6 2. g3 g6 3. Bg2 Bg7 4. Nc3 d6 5. d4 O-O 6. e4 c5 7. Nge2 cxd4 8. Nxd4 Nc6 9. Nxc6 bxc6 10. O-O Nd7 11. Be3 Nc5 12. Qc2 a5 13. b3 Qc7 14. Rad1 Ne6 15. f4 Bb7 16. Rd2 c5 17.
Nb5 Qb8 18. f5 Nc7 19. a4 Na6 20. Bg5 Nb4 21. Qd1 Nc6 22. f6 exf6 23. Bxf6 Bxf6 24.
Rxf6 Ne5 25. Rdxd6 Qc8 26. h3 Bc6 27. Qd2 Re8 28.
Nc3 Qb7 29. Qc2 Rad8 30. Nb5 Bxb5 31. axb5 Rxd6 32. Rxd6 Qe7 33. Rd5 h5 34. Qd2 h4 35.
gxh4 Qxh4 36. Qf2 Qg5 37. Qxc5 Re6 38. b6 Qc1+ 39. Kh2 Qf4+ 40. Kh1 Qc1+ 41. Qg1 Qb2 42. b7 Re8 43. Rc5 Qxb3 44. Rc8 Kf8 45. Qc5+ Kg7 46. Rxe8 Qb1+ 47. Kh2 Qb2 48. Qxe5+ Qxe5+ 49. Rxe5 1-0

[Event "Early-Titled-Tuesday-Blitz-May-07-2024"]
[Site "Chess.com"]
[Date "2024.05.07"]
[Round "10"]
[White "LoaySameer"]
[Black "ChessSwole"]
[Result "1-0"]
[WhiteElo "2549"]
[BlackElo "2628"]
[TimeControl "180+1"]
[EndTime "10:02:51 PDT"]
[Termination "LoaySameer won on time"]

1. Nf3 c5 2. g3 Nc6 3. Bg2 e5 4. O-O d5 5. d3 Nf6 6. Nc3 Be7 7. e4 dxe4 8. dxe4 Qxd1 9. Rxd1 Bg4 10. Re1 Bxf3 11. Bxf3 Nd4 12. Bd1 O-O-O 13. Bg5 Ng8 14.
Be3 Bd6 15. Nd5 Ne7 16. c3 Nxd5 17. exd5 Nf5 18. Bg5 Rde8 19. Bg4 g6 20. Bf6 Rhg8 21. Re4 Be7 22. Bxe5 Kd8 23. Rae1 Nd6 24. R4e2 f5 25. Bf3 Nc4 26. d6 Bxd6 27. Bf6+ Kd7 28. Bd5 Nb6 29.
Bxg8 Rxg8 30. Rd1 Kc7 31. Be5 Bxe5 32. Rxe5 Kc6 33. Re7 h5 34. b3 c4 35. b4 h4 36.
gxh4 Rh8 37. Re6+ Kb5 38. Re5+ Kc6 39. b5+ Kc7 40. Rc5+ Kb8 41. Rd6 Rg8 42. Kf1 Nc8 43. Rd7 Nb6 44. Rh7 Rd8 45. Rcc7 Nc8 46. Rxb7+ Ka8 47.
Rbd7 Re8 48. Rc7 Kb8 49. Rcg7 1-0

[Event "Early-Titled-Tuesday-Blitz-May-07-2024"]
[Site "Chess.com"]
[Date "2024.05.07"]
[Round "10"]
[White "ValiantCeleb"]
[Black "IriBu"]
[Result "0-1"]
[WhiteElo "2310"]
[BlackElo "2588"]
[TimeControl "180+1"]
[EndTime "10:02:51 PDT"]
[Termination "IriBu won by resignation"]

1. e4 d6 2. d4 Nf6 3. Nc3 e5 4.
dxe5 dxe5 5. Qxd8+ Kxd8 6. Nf3 Nbd7 7. Bc4 Bb4 8. Bg5 Ke7 9. O-O-O Bxc3 10. bxc3 h6 11.
Bxf6+ gxf6 12. Bb3 Nc5 13. Nd2 a5 14. f3 c6 15. a4 Be6 16. Kb2 Rhd8 17. Ka3 b5 18. axb5 cxb5 19. Bxe6 Kxe6 20. Nb3 Na4 21. Rxd8 Rxd8 22. c4 bxc4 23. Nxa5 Nc3 24. Nxc4 Ne2 25. Rb1 Ra8+ 26. Kb2 Rb8+ 27. Ka1 Ra8+ 28. Kb2 Rb8+ 29. Ka1 Rc8 30. Rb6+ Ke7 31. Ne3 Nd4 32. Kb2 Nc6 33.
Nd5+ Kf8 34. Nxf6 Nd4 35. c3 Ne2 36. Rb8 Rxb8+ 37. Kc2 Rd8 38. Ng4 Rc8 39. Nxe5 Nxc3 40. Kd3 Nb5 41. Ng4 Kg7 42. f4 Rc3+ 43. Ke2 Rc2+ 44.
Kf3 Nd4+ 45. Kg3 Ne2+ 46. Kf3 Nd4+ 47. Ke3 Rxg2 48. Nf2 Ne6 49. Kf3 Rxh2 50. Ng4 Rh3+ 51. Kg2 Nxf4+ 0-1

[Event "Early-Titled-Tuesday-Blitz-May-07-2024"]
[Site "Chess.com"]
[Date "2024.05.07"]
[Round "10"]
[White "ReinisUz"]
[Black "ansko1999"]
[Result "0-1"]
[WhiteElo "2457"]
[BlackElo "2649"]
[TimeControl "180+1"]
[EndTime "10:02:52 PDT"]
[Termination "ansko1999 won by resignation"]

1. c4 Nf6 2. Nc3 e6 3. d4 d5 4. cxd5 exd5 5. Bg5 c6 6. e3 Bd6 7. Qc2 h6 8. Bh4 O-O 9. Bd3 Re8 10. O-O-O a5 11. Nf3 Bg4 12. h3 Bxf3 13. gxf3 Nbd7 14. Rhg1 a4 15. Rg2 a3 16. b3 c5 17. Rdg1 Bf8 18.
dxc5 Nxc5 19. Bb5 Re6 20. Kb1 Rc8 21. Qd2 Rd6 22. Qd4 Qb6 23. Bxf6 Rxf6 24. Nxd5 Qxb5 25. Nxf6+ Kh8 26. Qc4 Qxc4 27. bxc4 gxf6 28. Kc2 Ne6 29. Kc3 b5 30. Rg4 f5 31. Rh4 Bg7+ 32. Kb3 bxc4+ 33.
Rxc4 Rb8+ 34. Kxa3 Bf8+ 35. Ka4 Nc5+ 36. Ka5 Bd6 37.
Rxc5 Bxc5 38. a4 Rb2 39. Rc1 Bf8 40. Rc4 Rxf2 41. Rf4 Re2 42. Rxf5 Kg7 43. e4 Rh2 44. Rh5 Kg6 45. Rh4 h5 46. e5 Kg5 47. Rc4 Rxh3 48.
Kb5 Rxf3 49. a5 Rb3+ 50. Kc6 Ra3 51. Kb5 h4 52. a6 h3 53. Rc8 h2 54. Rc1 Kg4 0-1

[Event "Early-Titled-Tuesday-Blitz-May-07-2024"]
[Site "Chess.com"]
[Date "2024.05.07"]
[Round "10"]
[White "Slovineanu"]
[Black "VacheH009"]
[Result "1-0"]
[WhiteElo "2481"]
[BlackElo "2565"]
[TimeControl "180+1"]
[EndTime "10:02:52 PDT"]
[Termination "Slovineanu won by resignation"]

1. e4 e5 2. Nf3 Nc6 3. Bb5 a6 4. Ba4 Nf6 5. Bxc6 dxc6 6. Qe2 Bd6 7. d3 h6 8. Nbd2 Be6 9. h3 Qe7 10. Nf1 O-O-O 11. Ng3 g6 12. Bd2 Nd7 13. Nf1 g5 14. Ne3 h5 15. Nf5 Bxf5 16. exf5 f6 17. O-O-O Bb4 18.
a3 Bxd2+ 19. Nxd2 Nc5 20. Ne4 Rd4 21. f3 h4 22. c3 Rd7 23. Rhe1 Rhd8 24. d4 exd4 25.
Nxc5 Qxc5 26. Qe6 Kb8 27. Qxf6 dxc3 28. Qxc3 Rxd1+ 29. Rxd1 Rd4 30. Rxd4 Qxf5 31. Rd8+ Ka7 32. Qd4+ b6 33. Rd7 Kb7 34. Qd6 a5 35. Qxc7+ Ka6 36. Qxc6 Qf4+ 37. Kb1 Qf5+ 38. Ka2 Qf4 39. Rd5 Qf7 40.
Qa8+ 1-0

[Event "Early-Titled-Tuesday-Blitz-May-07-2024"]
[Site "Chess.com"]
[Date "2024.05.07"]
[Round "10"]
[White "subham777"]
[Black "klercaku"]
[Result "1-0"]
[WhiteElo "2468"]
[BlackElo "2261"]
[TimeControl "180+1"]
[EndTime "10:02:52 PDT"]
[Termination "subham777 won on time"]

1. e4 e5 2. Nf3 Nc6 3. Bc4 Bc5 4.
c3 Nf6 5. d3 h6 6. Nbd2 O-O 7.
Nf1 d6 8. Ng3 Ne7 9. Be3 Bb6 10.
Qd2 Kh7 11. O-O-O Ng6 12. Nf5 Be6 13. Bb3 Bxb3 14. axb3 Ng4 15. h3 Nxe3 16. fxe3 a5 17. Kc2 a4 18. bxa4 Rxa4 19. Ra1 Qd7 20. Rhb1 Rfa8 21.
Qd1 Ra2 22. Kd2 Qb5 23. Rxa2 Rxa2 24. Qc2 d5 25. exd5 Qxd5 26. e4 Qc5 27. Kc1 Nf4 28.
d4 Qc4 29. Nxe5 Qf1+ 30. Qd1 Qxg2 31. Qd2 Qxe4 32. Ne3 f6 33. N5c4 Ba7 34. Qc2 Qxc2+ 35. Kxc2 Nxh3 36. Re1 Ra6 37. Nd5 c6 38. Nc7 Ra4 39.
Kb3 Ra6 40. Re7 1-0

[Event "Early-Titled-Tuesday-Blitz-May-07-2024"]
[Site "Chess.com"]
[Date "2024.05.07"]
[Round "10"]
[White "Bilan_Danila"]
[Black "DACF2905"]
[Result "0-1"]
[WhiteElo "2532"]
[BlackElo "2447"]
[TimeControl "180+1"]
[EndTime "10:02:55 PDT"]
[Termination "DACF2905 won by resignation"]

1. d4 Nf6 2. Nf3 d5 3. c4 e6 4.
Nc3 Bb4 5. Qb3 Nc6 6. a3 dxc4 7. Qxc4 Bxc3+ 8. bxc3 O-O 9. Bg5 h6 10. Bh4 g5 11.
Bg3 Ne4 12. e3 f5 13. Bd3 Qd5 14. Bxc7 Qxc4 15. Bxc4 Nxc3 16. O-O Bd7 17. Rfc1 Nd5 18. Bd6 Rfc8 19. Rab1 Na5 20. Bxd5 exd5 21. Ne5 Be6 22.
Bc7 b6 23. f4 Nc4 24. Nxc4 Rxc7 25. Nd6 Rd7 26. Nb5 Kf7 27. Kf2 Ke7 28. g3 g4 29.
Nc3 Rc8 30. Nxd5+ Rxd5 31. Rxc8 Bxc8 32. Rc1 Kd8 33. Ke2 Bd7 34. h3 h5 35. hxg4 hxg4 36. Kd3 Ra5 37. Rc3 Bb5+ 38. Kd2 Kd7 39. Kc2 Bc6 40.
Kb2 Rb5+ 41. Kc2 Bd5 42. a4 Rb4 43. Ra3 a5 44. Ra1 Bc6 45. Kc3 Rxa4 46. Rb1 Kc7 47. Rb2 Ra3+ 48. Kc4 Rxe3 49. Rh2 Rxg3 50. Rh7+ Bd7 51.
d5 Rf3 52. Kd4 Rxf4+ 53. Ke5 Re4+ 54. Kf6 f4 55. Rh5 Kd6 56. Rg5 g3 57. Rg7 a4 58.
Kf7 Kxd5 59. Kf6 Kd6 60. Rg6 a3 61. Rg5 b5 62. Kf7 a2 63. Kf8 a1=Q 64. Rd5+ Kxd5 65. Kf7 Be6+ 0-1

[Event "Early-Titled-Tuesday-Blitz-May-07-2024"]
[Site "Chess.com"]
[Date "2024.05.07"]
[Round "10"]
[White "Lady_Nika"]
[Black "ploxoi"]
[Result "1-0"]
[WhiteElo "2480"]
[BlackElo "2338"]
[TimeControl "180+1"]
[EndTime "10:02:57 PDT"]
[Termination "Lady_Nika won by checkmate"]

1. b4 d5 2. Bb2 Qd6 3. a3 e5 4. d4 e4 5. e3 Be6 6. Nd2 c6 7. c4 f5 8. Qc2 Nd7 9. Nb3 dxc4 10.
Bxc4 Bxc4 11. Qxc4 Ngf6 12. Nc5 Nb6 13. Qc2 Rb8 14. Ne2 Nbd5 15. h3 Be7 16. O-O O-O 17.
Rae1 Bd8 18. Nc3 h5 19. f3 Bc7 20. f4 Nxc3 21. Qxc3 Qd5 22. a4 Nd7 23. Rc1 Nb6 24. Ba3 Rfc8 25. a5 Nd7 26. Bb2 Bd8 27. Rfd1 Be7 28. Nxd7 Qxd7 29. d5 Bf6 30. Qb3 cxd5 31. Rxc8+ Rxc8 32. Bxf6 gxf6 33. Qxd5+ Qxd5 34. Rxd5 Rc3 35.
Kf2 a6 36. Rxf5 Rc2+ 37. Kg3 h4+ 38. Kxh4 Kf7 39. g4 Rb2 40. g5 Rxb4 41. Rxf6+ Kg7 42. f5 Rb5 43. Kg4 Rxa5 44. Rd6 Rb5 45. Rd7+ Kf8 46. g6 a5 47. Kg5 a4 48. g7+ Kg8 49. Kg6 Rb6+ 50. f6 Rxf6+ 51. Kxf6 a3 52. Rd8+ Kh7 53.
Rh8# 1-0

[Event "Early-Titled-Tuesday-Blitz-May-07-2024"]
[Site "Chess.com"]
[Date "2024.05.07"]
[Round "10"]
[White "JJDAREK"]
[Black "vladgoncharov"]
[Result "0-1"]
[WhiteElo "2398"]
[BlackElo "2592"]
[TimeControl "180+1"]
[EndTime "10:02:58 PDT"]
[Termination "vladgoncharov won on time"]

1. d4 Nf6 2. c4 e6 3. Nf3 Bb4+ 4.
Nbd2 d5 5. g3 O-O 6. a3 Bxd2+ 7.
Bxd2 dxc4 8. Bg2 c6 9. Qc2 b5 10. O-O Bb7 11. a4 a6 12. b3 cxb3 13. Qxb3 Nbd7 14.
Rfc1 Nb6 15. Bb4 Re8 16. a5 Nc4 17. e3 Nd5 18. Be1 e5 19. Rxc4 bxc4 20. Qxb7 exd4 21. Nxd4 Rc8 22. Nxc6 Qc7 23. Qxc7 Nxc7 24. Rc1 Nb5 25. Rxc4 Kh8 26. Bb4 Red8 27. Bf3 Rd3 28. Kg2 f6 29. h4 Rb3 30. Bc5 Na3 31. Bxa3 Rxa3 32. Rb4 h5 33. Rb6 Re8 34. Kf1 Ra2 35. Rxa6 Kh7 36. Rb6 Kh6 37. a6 Re6 38. a7 Rd6 39. Kg2 Rdd2 40. Rb8 Rxf2+ 41. Kg1 Rfc2 0-1

[Event "Early-Titled-Tuesday-Blitz-May-07-2024"]
[Site "Chess.com"]
[Date "2024.05.07"]
[Round "10"]
[White "Aygehovit1992"]
[Black "Jospem"]
[Result "1-0"]
[WhiteElo "2874"]
[BlackElo "3033"]
[TimeControl "180+1"]
[EndTime "10:02:59 PDT"]
[Termination "Aygehovit1992 won by resignation"]

1. e4 Nf6 2. e5 Nd5 3. d4 d6 4. Nf3 c6 5. Be2 Bd7 6. O-O Nb6 7. a4 a5 8. Re1 d5 9. Ng5 e6 10. Bd3 g6 11. Qg4 Qe7 12. b3 Bh6 13. Nxf7 Bxc1 14. Nd6+ Kd8 15. Rxc1 Kc7 16. c4 Nc8 17. Nc3 Nxd6 18.
exd6+ Qxd6 19. Qg5 Kc8 20. cxd5 Rf8 21. dxe6 Qxe6 22.
d5 Qf6 23. Qg3 Qf4 24. dxc6 Bxc6 25. Nd5 Qxg3 26. hxg3 Nd7 27. Bb5 Ne5 28. Nb6+ Kc7 29. Nxa8+ Rxa8 30. Bxc6 Nxc6 31. Re1 Rf8 32. f4 h6 33.
Rad1 g5 34. Rf1 Rg8 35. f5 Rf8 36. f6 Rf7 37. Kh2 Ne5 38. Kh3 Kc6 39. Rf5 Nd7 40.
Rdf1 Kd6 41. Kg4 Ke6 42. Kh5 Nf8 43. g4 b6 44. Re1+ Kd6 45. Re7 Rxe7 46. fxe7 Kxe7 47.
Kxh6 Ne6 48. g3 Nd4 49. Rxg5 Kd6 50. Rf5 Nxb3 51. g5 Nd4 52. Rf6+ Kc7 53. g6 1-0